 Dungeon Crawl Stone Soup version 0.31-a0-1236-gaa9e43cceb (webtiles) character file.

Game seed: 4083206306522942955

386 MacCMillion the Cleaver (level 6, -1/51 HPs)
             Began as a Minotaur Fighter on Dec 15, 2023.
             Slain by a kobold
             ... wielding a +0 club
              (3 damage)
             ... on level 3 of the Dungeon.
             The game lasted 00:04:54 (2979 turns).

MacCMillion the Cleaver (Minotaur Fighter)          Turns: 2979, Time: 00:04:55

Health: -1/51      AC: 12    Str: 20    XL:     6   Next: 48%
Magic:  5/5        EV:  7    Int:  5    God:
Gold:   118        SH:  4    Dex: 10    Spells: 5/5 levels left

rFire   . . .        a - +0 war axe
rCold   . . .        c - +0 buckler
rNeg    . . .        j - +0 chain mail
rPois   .            (helmet restricted)
rElec   .            (no cloak)
rCorr   .            i - +0 pair of gloves
SInv    .            f - +1 pair of boots
Will    .....        (no amulet) Stlth
                     (no ring)
HPRegen 0.28/turn    (no ring)
MPRegen 0.09/turn

%: no passive effects
@: no status effects
A: horns 2, retaliatory headbutt, hooves 1, teleportitis 1, weak 1, wild magic 1
a: no special abilities


You were on level 3 of the Dungeon.
You visited 1 branch of the dungeon, and saw 4 of its levels.

You collected 118 gold pieces.

Inventory:

Hand Weapons
 a - a +0 war axe (weapon)
Armour
 c - a +0 buckler (worn)
 f - a +1 pair of boots (worn)
 i - a +0 pair of gloves (worn)
 j - a +0 chain mail (worn)
Jewellery
 r - a ring of ice
Wands
 p - a wand of flame (16)
 q - a wand of roots (6)
Scrolls
 e - 2 scrolls of enchant armour
 w - a scroll of teleportation {unknown}
Potions
 b - a potion of magic {unknown}
 d - a potion of might
 g - a potion of lignification {unknown}
 h - a potion of enlightenment {unknown}
 l - a potion of curing
 m - 2 potions of heal wounds {unknown}
 n - a potion of attraction {unknown}
 o - a potion of mutation
 s - a potion of berserk rage {unknown}
 v - a potion of brilliance {unknown}


   Skills:
 - Level 3.6 Fighting
 + Level 8.3 Axes
 - Level 3.6 Armour
 - Level 4.0 Shields


You had 5 spell levels left.
You didn't know any spells.
Your spell library contained the following spells:

 Spells                   Type           Power      Damage    Failure   Level
 Summon Small Mammal      Summ           0%         N/A       99%         1
 Call Canine Familiar     Summ           0%         N/A       100%        3
 Summon Guardian Golem    Hex/Summ       0%         N/A       100%        3


Dungeon Overview and Level Annotations

Branches:
Dungeon (4/15)
 Temple: D:4-7

Altars:
Vehumet

Shops:
D:1 ((([

Annotations:
D:3 exclusion: 2 doors, Sigmund
D:4 Dowan, Menkaure


Innate Abilities, Weirdness & Mutations

You have a pair of horns on your head.
You reflexively headbutt those who attack you in melee.
You have large cloven feet.
You are occasionally teleported next to monsters.
You are weak. (Str -2)
Your spells are a little harder to cast, but a little more powerful.


Message History

A kobold comes into view. It is wielding a +0 club.
The orc hits you with a +0 club.
* * * LOW HITPOINT WARNING * * *
The kobold closely misses you.
The centaur shoots an arrow.
The arrow hits you!
* * * LOW HITPOINT WARNING * * *
The kobold hits you but does no damage. Something hits you.
* * * LOW HITPOINT WARNING * * *
Okay, then.
It was a potion of curing.
You feel better.
The centaur shoots an arrow.
The arrow hits you.
* * * LOW HITPOINT WARNING * * *
The kobold barely misses you. You furiously retaliate!
You headbutt the kobold!
You kill the kobold!
The kobold hits you but does no damage. The orc barely misses you.
The kobold hits you but does no damage.
The centaur shoots an arrow.
The arrow closely misses you.
The arrow barely misses the orc.
The centaur unwields a +0 orcbow.
You block the centaur's attack. x2
The kobold hits you with a +0 club.
* * * LOW HITPOINT WARNING * * *
You slash the centaur! Your headbutt misses the centaur.
The centaur is heavily wounded.
You closely miss the kobold. You slash the endoplasm!
You kill the endoplasm!
You hit the orc but do no damage. The centaur barely misses you.
The centaur kicks you.
* * * LOW HITPOINT WARNING * * *
Something hits you but does no damage. The kobold hits you but does no damage.
The orc hits you but does no damage. You block the centaur's attack.
The centaur kicks you but does no damage.
The kobold hits you but does no damage.
The kobold brigand throws a poisoned dart.
The poisoned dart barely misses you.
The poisoned dart hits the centaur!
The centaur is poisoned.
It was a potion of mutation.
You feel extremely strange.
You feel weaker.
You feel weirdly uncertain.
You feel less in control of your magic.
Your feet thicken and deform.
The centaur hits you but does no damage.
You block the centaur's attack. The kobold hits you with a +0 club.
You die...

≈~≈~~~~~~≈~~~~~~≈≈~~~~≈~≈≈~~~~~..
≈≈~≈≈≈≈≈≈≈≈≈≈≈≈≈≈≈≈≈≈≈≈≈≈≈≈~~≈~~.
≈≈#####≈≈≈≈≈≈≈≈≈≈≈≈≈≈≈≈≈≈≈≈≈≈≈≈~.
≈≈# ###########################
≈≈# ... ##.....#... ....
##......K.. ..... #....?..####
.....K#KK!†....§..
.....Kc@.K(§§....
......#Ko§§§§§... .....
#..{§§§§####### ....
##.§§§§§§...... ...
##.§§§§#...g.. ## ####### #####


You could see a kobold brigand, a centaur (very poisoned), an orc and 6 kobolds.

Vanquished Creatures
  A scorpion (D:4)
  A howler monkey (D:4)
  2 orc priests (D:3)
  2 hounds (D:4)
  An iguana (D:2)
  2 orc wizards (D:4)
  Terence (D:3)
  2 adders
  2 worms (D:2)
  12 orcs
  9 endoplasms
  8 goblins
  6 hobgoblins
  2 ball pythons (D:4)
  5 bats
  2 frilled lizards (D:2)
  12 kobolds
  4 rats
74 creatures vanquished.

Notes
Turn   | Place    | Note
-------+----------+-------------------------------------------
     0 | D:1      | MacCMillion the Minotaur Fighter began the quest for the
                  | Orb.
     0 | D:1      | Reached XP level 1. HP: 19/19 MP: 0/0
   182 | D:1      | Found Ufigergho's Antique Armour Shoppe.
   273 | D:1      | Found Kaph's Weapon Boutique.
   280 | D:1      | Found Owned's Weapon Shoppe.
   313 | D:1      | Found Laucroge's Antique Weapon Shop.
   680 | D:1      | Reached skill level 3 in Axes
   680 | D:1      | Reached XP level 2. HP: 22/26 MP: 1/1
   704 | D:1      | Found a faded altar of an unknown god.
  1001 | D:2      | Reached skill level 4 in Axes
  1001 | D:2      | Reached XP level 3. HP: 23/31 MP: 2/2
  1442 | D:2      | Found a radiant altar of Vehumet.
  1569 | D:3      | Noticed Sigmund
  1605 | D:3      | Reached skill level 5 in Axes
  1605 | D:3      | Reached XP level 4. HP: 29/39 MP: 3/3
  1887 | D:3      | Noticed Terence
  1894 | D:3      | Killed Terence
  1895 | D:3      | Reached skill level 6 in Axes
  1895 | D:3      | Reached XP level 5. HP: 34/45 MP: 4/4
  2500 | D:4      | Reached skill level 7 in Axes
  2568 | D:4      | Noticed Dowan
  2618 | D:4      | Reached XP level 6. HP: 48/51 MP: 5/5
  2713 | D:4      | Noticed Menkaure
  2934 | D:4      | Reached skill level 8 in Axes
  2975 | D:3      | HP: 1/51 [something (3)]
  2979 | D:3      | Gained mutation: You are weak. (Str -2) [potion of
                  | mutation]
  2979 | D:3      | Gained mutation: You are occasionally teleported next to
                  | monsters. [potion of mutation]
  2979 | D:3      | Gained mutation: Your spells are a little harder to cast,
                  | but a little more powerful. [potion of mutation]
  2979 | D:3      | Gained mutation: You have large cloven feet. [potion of
                  | mutation]
  2979 | D:3      | Slain by a kobold

Illustrated notes

Levels and vault maps discovered:
D:1:      dpeg_arrival_simpleton_c, layout_basic,
          shapermc_ecumenical_altar_hornbeckon, serial_shops,
          nicolae_shop_behind_doors, shop, nicolae_shop_bloodbath_and_beyond,
          shop
D:2:      layout_rooms, basic_altar
D:3:      minmay_goblin_kobold_castle, layout_loops_cross, uniq_sigmund,
          uniq_terence
D:4:      layout_layer_cave, uniq_duvessa, uniq_menkaure

Skill      XL: |  1  2  3  4  5  6 |
---------------+-------------------+-----
Shields        | 4 |  4.0
Axes           | 3 4 5 6 7 8 |  8.3
Fighting       | |  3.6
Armour         | |  3.6

Action                     |  1- 3 |  4- 6 || total
---------------------------+-------+-------++-------
  Melee: War axe           |    65 |    84 ||   149
         Headbutt          |     6 |     9 ||    15
    Use: Scroll            |       |     4 ||     4
         Potion            |       |     2 ||     2
 Armour: Chain mail        |    52 |   127 ||   179
         Scale mail        |     2 |       ||     2
  Dodge: Dodged            |    21 |    35 ||    56
  Block: Buckler           |    16 |    34 ||    50

Table legend: (Time is in decaauts)
 A = Elapsed time spent in this place.
 B = Non-inter-level travel time spent in this place.
 C = Inter-level travel time spent in this place.
 D = Time resting spent in this place.
 E = Time spent auto-exploring this place.
 F = Levels seen in this place.
 G = Mean time per level.
                   A        B        C        D        E       F      G
               +--------+--------+--------+--------+--------+-----+--------+
         Total |   3026 |   2903 |    123 |    481 |   1754 |   4 |  756.5 |
       Dungeon |   3026 |   2903 |    123 |    481 |   1754 |   4 |  756.5 |
               +--------+--------+--------+--------+--------+-----+--------+

Top non-repeatable levels by time:
     D:1: 962 daAuts
     D:3: 944 daAuts
     D:2: 776 daAuts
     D:4: 343 daAuts
